 Dungeon Crawl Stone Soup version 0.29-a0-206-g4a66f2e2b5 (webtiles) character file.

Game seed: 602727320016303996

803 Crownlay the Chiller (level 7, 0/50 (51) HPs)
             Began as a Gnoll Ice Elementalist on Feb 23, 2022.
             Slain by a wight
             ... wielding a +0 mace
              (6 damage)
             ... on level 5 of the Dungeon.
             The game lasted 00:07:43 (4321 turns).

Crownlay the Chiller (Gnoll Ice Elementalist)       Turns: 4321, Time: 00:07:44

HP:   0/50 (51)     AC: 13    Str:  7    XL:     7   Next: 91%
MP:   0/15          EV: 14    Int: 16    God:
Gold: 172           SH:  0    Dex: 13    Spells: 10/17 levels left

rFire   . . .      SeeInvis +   p - +0 scythe (vorpal)
rCold   . . .      Faith    .   (shield currently unavailable)
rNeg    + . .      Spirit   +   a - +0 robe
rPois   .          Reflect  .   q - +1 helmet
rElec   .          Harm     .   n - +0 cloak
rCorr   .          Rampage  .   d - +0 pair of gloves
Will    .....                   (no boots)
Stlth   +++.......              b - amulet of guardian spirit
HPRegen 0.16/turn               j - ring of see invisible
MPRegen 0.14/turn               c - ring of positive energy

@: ice-armoured, lightly drained
A: fangs 1, strong nose, distributed training
a: no special abilities


You were on level 5 of the Dungeon.
You visited 1 branch of the dungeon, and saw 5 of its levels.

You collected 172 gold pieces.

Inventory:

Hand Weapons
 p - a +0 vorpal scythe (weapon)
Armour
 a - a +0 robe (worn)
 d - a +0 pair of gloves (worn)
 n - a +0 cloak (worn)
 q - a +1 helmet (worn)
Jewellery
 b - an amulet of guardian spirit (around neck)
 c - a ring of positive energy (right hand)
 j - a ring of see invisible (left hand)
Wands
 o - a wand of mindburst (5)
Scrolls
 f - a scroll of identify
 k - a scroll of enchant armour {unknown}
 m - a scroll of vulnerability
 r - a scroll of fear {unknown}
 s - 2 scrolls of immolation {unknown}
Potions
 e - a potion of heal wounds {unknown}
 g - a potion of brilliance {unknown}
 h - a potion of lignification {unknown}
 i - 2 potions of haste {unknown}
 l - a potion of flight {unknown}
 t - a potion of might {unknown}
 u - 2 potions of attraction {unknown}
 v - a potion of ambrosia {unknown}


   Skills:
 + Level 2.8 Fighting
 + Level 2.8 Short Blades
 + Level 2.8 Long Blades
 + Level 2.8 Axes
 + Level 2.8 Maces & Flails
 + Level 2.8 Polearms
 + Level 2.8 Staves
 + Level 2.8 Slings
 + Level 2.8 Bows
 + Level 2.8 Crossbows
 + Level 2.8 Throwing
 + Level 2.8 Armour
 + Level 5.4 Dodging
 + Level 5.1 Stealth
 + Level 2.8 Shields
 + Level 2.8 Unarmed Combat
 + Level 5.8 Spellcasting
 + Level 2.2 Conjurations
 + Level 2.2 Hexes
 + Level 2.2 Summonings
 + Level 2.2 Necromancy
 + Level 2.2 Translocations
 + Level 2.2 Transmutations
 + Level 2.2 Fire Magic
 + Level 7.5 Ice Magic
 + Level 2.2 Air Magic
 + Level 2.2 Earth Magic
 + Level 2.2 Poison Magic
 + Level 3.1 Invocations
 + Level 2.8 Evocations


You had 10 spell levels left.
You knew the following spells:

 Your Spells              Type           Power      Damage    Failure   Level
a - Freeze                Ice            100%       1d11      1%          1
b - Frozen Ramparts       Ice            56%        1d7       1%          3
c - Ozocubu's Armour      Ice            28%        N/A       1%          3

Your spell library contained the following spells:

 Spells                   Type           Power      Damage    Failure   Level
 Hailstorm                Conj/Ice       20%        3d6       19%         4
 Leda's Liquefaction      Hex/Erth       5%         N/A       50%         4
 Lee's Rapid Deconstruct  Erth           5%         3d7*      83%         5
 Statue Form              Tmut/Erth      7%         N/A       100%        6


Dungeon Overview and Level Annotations

Branches:
Dungeon (5/15)
 Temple: D:4-7

Altars:
Nemelex Xobeh
Vehumet
Yredelemnul

Shops:
D:1 :   D:2 =


Innate Abilities, Weirdness & Mutations

You have very sharp teeth.
Your uncanny sense of smell can sniff out nearby items.
Your experience applies equally to all skills.


Message History

Press: ? - help, Dir - move target, f/p - wight
Aim: a wight, wielding a +0 mace and wearing a +0 robe (almost destroyed, about 53% to evade your +0 vorpal scythe)
You barely miss the wight. Your bite misses the wight.
The wight is almost destroyed.
The wight completely resists.
The wall freezes the wight but does no damage.
The wight hits you with a +0 mace.
* * * LOW HITPOINT WARNING * * *
You partially resist.
You feel drained.
The wight completely resists.
The wall freezes the wight but does no damage.
The wight barely misses you.
Reach: p) +0 scythe (vorpal)
Press: ? - help, Dir - move target, f/p - wight
Aim: a wight, wielding a +0 mace and wearing a +0 robe (almost destroyed, about 53% to evade your +0 vorpal scythe)
You barely miss the wight.
The wight is almost destroyed.
The frozen ramparts melt away.
The wight barely misses you. The wight closely misses you.
Reach: p) +0 scythe (vorpal)
Press: ? - help, Dir - move target, f/p - wight
Aim: a wight, wielding a +0 mace and wearing a +0 robe (almost destroyed, about 53% to evade your +0 vorpal scythe)
You barely miss the wight. Your bite misses the wight.
The wight is almost destroyed.
The wight hits you with a +0 mace!
* * * LOW HITPOINT WARNING * * *
The wight hits you but does no damage.
Casting: Frozen Ramparts (safe; 1% risk of failure)
Confirm with . or Enter, or press ? or * to list all spells.
You don't have enough magic to cast this spell.
Unknown command.
Casting: Frozen Ramparts (safe; 1% risk of failure)
Confirm with . or Enter, or press ? or * to list all spells.
You don't have enough magic to cast this spell.
Reach: p) +0 scythe (vorpal)
Press: ? - help, Dir - move target, f/p - wight
Aim: a wight, wielding a +0 mace and wearing a +0 robe (almost destroyed, about 53% to evade your +0 vorpal scythe)
You barely miss the wight.
The wight is almost destroyed.
The wight hits you but does no damage. The wight hits you with a +0 mace!
You die...

##### #...#
#######...#############
.......................
.................#####
################@# #z)#
##.# .# .# .. #. .#


You could see a wight.

Vanquished Creatures
  Sigmund (D:3)
  A wyvern (D:4)
  A sky beast (D:4)
  A phantom (D:4)
  2 wights (D:5)
  Crazy Yiuf (D:2)
  2 hound skeletons (D:4)
  Robin (D:3)
  4 adders
  5 gnolls
  3 dart slugs
  5 orcs (D:3)
  6 endoplasms
  4 giant cockroaches
  10 hobgoblins
  4 jackals (D:1)
  8 kobolds
  2 quokkas
  9 ball pythons
  3 bats
  5 frilled lizards
  17 goblins
  2 rats
97 creatures vanquished.

Notes
Turn   | Place    | Note
-------+----------+-------------------------------------------
     0 | D:1      | Crownlay the Gnoll Ice Elementalist began the quest for the
                  | Orb.
     0 | D:1      | Reached XP level 1. HP: 13/13 MP: 6/6
   145 | D:1      | Reached XP level 2. HP: 19/19 MP: 5/7
   458 | D:1      | Found Catwegub's Book Boutique.
   476 | D:1      | Reached XP level 3. HP: 24/25 MP: 6/9
   477 | D:1      | Reached skill level 5 in Spellcasting
   895 | D:2      | Reached skill level 1 in Invocations
  1065 | D:2      | Reached skill level 1 in Fighting
  1065 | D:2      | Reached skill level 1 in Short Blades
  1065 | D:2      | Reached skill level 1 in Long Blades
  1065 | D:2      | Reached skill level 1 in Axes
  1065 | D:2      | Reached skill level 1 in Maces & Flails
  1065 | D:2      | Reached skill level 1 in Polearms
  1065 | D:2      | Reached skill level 1 in Staves
  1065 | D:2      | Reached skill level 1 in Slings
  1065 | D:2      | Reached skill level 1 in Bows
  1065 | D:2      | Reached skill level 1 in Crossbows
  1065 | D:2      | Reached skill level 1 in Throwing
  1065 | D:2      | Reached skill level 1 in Armour
  1065 | D:2      | Reached skill level 1 in Shields
  1065 | D:2      | Reached skill level 1 in Unarmed Combat
  1065 | D:2      | Reached skill level 1 in Evocations
  1219 | D:2      | Learned a level 3 spell: Frozen Ramparts
  1223 | D:2      | Learned a level 3 spell: Ozocubu's Armour
  1360 | D:2      | Reached XP level 4. HP: 28/32 MP: 7/11
  1465 | D:2      | Found Saxtuts's Jewellery Shop.
  1572 | D:2      | Found a runed translucent door.
  1573 | D:2      | Noticed Crazy Yiuf
  1663 | D:2      | Killed Crazy Yiuf
  1664 | D:2      | Reached skill level 1 in Conjurations
  1664 | D:2      | Reached skill level 1 in Hexes
  1664 | D:2      | Reached skill level 1 in Summonings
  1664 | D:2      | Reached skill level 1 in Necromancy
  1664 | D:2      | Reached skill level 1 in Translocations
  1664 | D:2      | Reached skill level 1 in Transmutations
  1664 | D:2      | Reached skill level 1 in Fire Magic
  1664 | D:2      | Reached skill level 1 in Air Magic
  1664 | D:2      | Reached skill level 1 in Earth Magic
  1664 | D:2      | Reached skill level 1 in Poison Magic
  2025 | D:3      | Noticed Sigmund
  2041 | D:3      | Killed Sigmund
  2042 | D:3      | Reached XP level 5. HP: 7/38 MP: 0/12
  2042 | D:3      | Reached XP level 6. HP: 9/44 MP: 0/14
  2390 | D:3      | Reached skill level 5 in Dodging
  2465 | D:3      | Found a basalt altar of Yredelemnul.
  2529 | D:3      | Noticed Robin
  2539 | D:3      | Killed Robin
  2796 | D:3      | Found a sparkling altar of Nemelex Xobeh.
  3154 | D:4      | Noticed a wyvern
  3193 | D:4      | Killed a wyvern
  3194 | D:4      | Reached XP level 7. HP: 32/51 MP: 5/15
  3783 | D:4      | Found a radiant altar of Vehumet.
  3936 | D:4      | Reached skill level 5 in Stealth
  4250 | D:5      | Entered Level 5 of the Dungeon
  4321 | D:5      | Slain by a wight

Illustrated notes

Levels and vault maps discovered:
D:1:      dpeg_chamrin_arrival_tetris, layout_rooms, serial_shops, shop,
          minmay_pentomino_r2
D:2:      layout_rooms, serial_shops, shop, item_on_display_a,
          uniq_crazy_yiuf_cottage
D:3:      layout_loops_ring, lemuel_crystal_altar, nemelex_dance_club_becter,
          uniq_robin, uniq_sigmund
D:4:      layout_loops_cross, fiery_altar_vehumet, minmay_misc_feat_columns
D:5:      layout_basic, mainiacjoe_overflow_alcove_2, grunt_ministairs_6

Skill      XL: |  1  2  3  4  5  6  7 |
---------------+----------------------+-----
Spellcasting   | 5 |  5.8
Invocations    | 1 2 3 |  3.1
Fighting       | 1 2 |  2.8
Short Blades   | 1 2 |  2.8
Long Blades    | 1 2 |  2.8
Axes           | 1 2 |  2.8
Maces & Flails | 1 2 |  2.8
Polearms       | 1 2 |  2.8
Staves         | 1 2 |  2.8
Slings         | 1 2 |  2.8
Bows           | 1 2 |  2.8
Crossbows      | 1 2 |  2.8
Throwing       | 1 2 |  2.8
Armour         | 1 2 |  2.8
Shields        | 1 2 |  2.8
Unarmed Combat | 1 2 |  2.8
Evocations     | 1 2 |  2.8
Conjurations   | 1 2 |  2.2
Hexes          | 1 2 |  2.2
Summonings     | 1 2 |  2.2
Necromancy     | 1 2 |  2.2
Translocations | 1 2 |  2.2
Transmutations | 1 2 |  2.2
Fire Magic     | 1 2 |  2.2
Air Magic      | 1 2 |  2.2
Earth Magic    | 1 2 |  2.2
Poison Magic   | 1 2 |  2.2
Dodging        | 5 |  5.4
Stealth        | 5 |  5.1
Ice Magic      | |  7.5

Action                   |  1- 3 |  4- 6 |  7- 9 || total
-------------------------+-------+-------+-------++-------
Melee: Unarmed           |     4 |       |       ||     4
       Bite              |     1 |     5 |     4 ||    10
       Short sword       |     4 |    17 |       ||    21
       Scythe            |       |    64 |    52 ||   116
 Cast: Freeze            |    47 |    14 |       ||    61
       Frozen Ramparts   |       |     8 |     4 ||    12
       Ozocubu's Armour  |       |     4 |     2 ||     6
  Use: Scroll            |       |     2 |       ||     2
 Stab: Sleeping          |       |     8 |     3 ||    11
Armor: Robe              |     5 |    30 |    21 ||    56
Dodge: Dodged            |    27 |    69 |    48 ||   144

Table legend: (Time is in decaauts)
 A = Elapsed time spent in this place.
 B = Non-inter-level travel time spent in this place.
 C = Inter-level travel time spent in this place.
 D = Time resting spent in this place.
 E = Time spent auto-exploring this place.
 F = Levels seen in this place.
 G = Mean time per level.
                   A        B        C        D        E       F      G
               +--------+--------+--------+--------+--------+-----+--------+
         Total |   4413 |   4250 |    163 |      9 |   3523 |   5 |  882.6 |
       Dungeon |   4413 |   4250 |    163 |      9 |   3523 |   5 |  882.6 |
               +--------+--------+--------+--------+--------+-----+--------+

Top non-repeatable levels by time:
     D:3: 1351 daAuts
     D:4: 1146 daAuts
     D:2: 996 daAuts
     D:1: 836 daAuts
     D:5: 81 daAuts
